 Dungeon Sprint DCSS version 0.29-a0-821-g66395355a5 (webtiles) character file.

Game seed: 16066704161715125366

224 mhtbhm the Trooper (level 5, 0/49 HPs)
             Began as a Demonspawn Berserker on July 8, 2022.
             Was a Priest of Trog.
             Slain by a black bear (4 damage)
             ... in the Dungeon (Sprint IX: "|||||||||||||||||||||||||||||").
             The game lasted 00:00:41 (278 turns).

mhtbhm the Trooper (Demonspawn Berserker)            Turns: 278, Time: 00:00:42

Health: 0/49       AC: -7    Str: 19    XL:     5   Next: 67%
Magic:  5/5        EV: 13    Int:  8    God:    Trog [***...]
Gold:   0          SH:  0    Dex: 13    Spells: 4/4 levels left

rFire   . . .      SeeInvis .   a - +0 mace
rCold   . . .      Faith    .   (no shield)
rNeg    . . .      Spirit   .   b - +0 animal skin
rPois   .          Reflect  .   (no helmet)
rElec   .          Harm     .   (no cloak)
rCorr   .          Rampage  .   (no gloves)
Will    .....      NoTele   +   (no boots)
Stlth   ++........              (no amulet)
HPRegen 0.16/turn               (no ring)
MPRegen 0.09/turn               (no ring)

@: corroded, on berserk cooldown, hasted, very quick
A: yellow scales 1, foul stench 1
a: Renounce Religion, Berserk, Trog's Hand


You were in the Dungeon.
You worshipped Trog.
Trog was most pleased with you.
You visited 1 branch

Inventory:

Hand Weapons
 a - a +0 mace (weapon)
Armour
 b - a +0 animal skin (worn)
Potions
 c - a potion of curing
 f - 2 potions of magic
 g - a potion of berserk rage


   Skills:
 + Level 7.8 Fighting
 + Level 7.6 Maces & Flails
 + Level 3.1 Armour
 + Level 4.1 Dodging
 + Level 1.0 Stealth


You had 4 spell levels left.
You didn't know any spells.
Your spell library was empty.

Dungeon Overview and Level Annotations

Branches:
Dungeon (1/1)

Altars:


Innate Abilities, Weirdness & Mutations

You are partially covered in yellow scales. (AC +2)
You may rarely emit foul miasma when damaged in melee.


Message History

Unknown command.
You feel yourself speed up.
You completely miss the jelly.
The jelly is almost dead.
You hit the jelly but do no damage.
Your hands burn!
The jelly is almost dead.
The jelly closely misses you.
You hit the jelly but do no damage.
Your hands burn!
The jelly is almost dead.
You hit the jelly but do no damage.
Your hands burn!
The jelly is almost dead.
The jelly completely misses you.
You hit the jelly.
You kill the jelly!
Trog accepts your kill.
Your Stealth skill increases to level 1!
You hit the black bear.
The black bear is lightly wounded.
The black bear bites you. The black bear barely misses you.
The black bear claws you.
* * * LOW HITPOINT WARNING * * *
Unknown command.
Unknown command.
You hit the black bear.
The black bear is lightly wounded.
You hit the black bear.
The black bear is moderately wounded.
The black bear misses you. The black bear barely misses you.
The black bear claws you.
* * * LOW HITPOINT WARNING * * *
You hit the black bear.
The black bear is moderately wounded.
The black bear bites you.
* * * LOW HITPOINT WARNING * * *
The black bear barely misses you. The black bear claws you.
* * * LOW HITPOINT WARNING * * *
You hit the black bear.
The black bear is moderately wounded.
The black bear closely misses you. The black bear claws you.
You die...

▓▓▓
▓@▓
▓h▓
▓.▓
▓.▓
▓)▓
▓.▓
▓.▓
▓.▓
▓.▓


You could see a black bear.

Vanquished Creatures
  A phantom (D)
  2 scorpions (D)
  A jelly (D)
  A dart slug (D)
  A hobgoblin (D)
  A jackal (D)
  A kobold (D)
  A rat (D)
9 creatures vanquished.

Notes
Turn   | Place    | Note
-------+----------+-------------------------------------------
     0 | D        | mhtbhm the Demonspawn Berserker began the quest for the
                  | Orb.
     0 | D        | Reached XP level 1. HP: 18/18 MP: 1/1
    11 | D        | Reached ** piety under Trog
   155 | D        | Noticed a scorpion
   155 | D        | Noticed a scorpion
   155 | D        | Noticed a phantom
   155 | D        | Noticed a jelly
   155 | D        | Noticed a black bear
   163 | D        | Killed a scorpion
   164 | D        | Reached skill level 5 in Fighting
   164 | D        | Reached skill level 5 in Maces & Flails
   164 | D        | Gained mutation: You are partially covered in yellow
                  | scales. (AC +2) [demonic ancestry]
   164 | D        | Reached XP level 2. HP: 27/27 MP: 2/2
   164 | D        | Reached XP level 3. HP: 33/33 MP: 3/3
   233 | D        | Killed a scorpion
   234 | D        | Reached XP level 4. HP: 41/41 MP: 4/4
   255 | D        | Killed a phantom
   255 | D        | Reached *** piety under Trog
   256 | D        | Gained mutation: You may rarely emit foul miasma when
                  | damaged in melee. [demonic ancestry]
   256 | D        | Reached XP level 5. HP: 31/48 MP: 5/5
   274 | D        | Reached skill level 1 in Stealth
   278 | D        | Slain by a black bear

Illustrated notes

Levels and vault maps discovered:
D:        linesprint [early_d, line_temple, items_1, d_10, items_2, lair_1,
          lair_end, items_3, orc_1, orc_end, items_4, d_15, swamp_1, shoals_1,
          snake_1, spider_1, d_20, vaults_1, items_5, swamp_end, shoals_end,
          snake_end, spider_end, vaults_end, d_27, items_6, zot_1, zot_end,
          crypt_end, forest_end, elf_end, slime_end, tomb_end, abyss_end,
          pan_hell_end]

Skill      XL: |  1  2  3  4  5 |
---------------+----------------+-----
Maces & Flails | 5 6 7 |  7.6
Armour         | 2 3 |  3.1
Dodging        | 2 3 4 |  4.1
Fighting       | 5 6 7 |  7.8
Stealth        | 1 |  1.0

Action                   |  1- 3 |  4- 6 || total
-------------------------+-------+-------++-------
Melee: Mace              |    22 |    33 ||    55
Invok: Berserk           |     2 |       ||     2
  Use: Potion            |       |     2 ||     2
       Scroll            |       |     1 ||     1
Armor: Animal skin       |     3 |     2 ||     5
Dodge: Dodged            |    10 |    19 ||    29

Table legend: (Time is in decaauts)
 A = Elapsed time spent in this place.
 B = Non-inter-level travel time spent in this place.
 C = Inter-level travel time spent in this place.
 D = Time resting spent in this place.
 E = Time spent auto-exploring this place.
 F = Levels seen in this place.
 G = Mean time per level.
                   A        B        C        D        E       F      G
               +--------+--------+--------+--------+--------+-----+--------+
         Total |    287 |    287 |      0 |    209 |      3 |   1 |  287.0 |
       Dungeon |    287 |    287 |      0 |    209 |      3 |   1 |  287.0 |
               +--------+--------+--------+--------+--------+-----+--------+

Top non-repeatable levels by time:
       D: 287 daAuts
